 Dungeon Crawl Stone Soup version 0.30.0-29-ga12c61a403 (webtiles) character file.

Game seed: 16935725408225147973

243 qw the Shield-Bearer (level 6, 0/37 HPs)
             Began as a Gargoyle Fighter on June 5, 2023.
             Slain by an adder (2 damage)
             ... on level 4 of the Dungeon.
             The game lasted 00:01:43 (3566 turns).

qw the Shield-Bearer (Gargoyle Fighter)             Turns: 3566, Time: 00:01:43

Health: 0/37       AC: 15    Str: 22    XL:     6   Next: 9%
Magic:  6/6        EV:  7    Int:  8    God:
Gold:   41         SH:  8    Dex:  9    Spells: 5/5 levels left

rFire   . . .        Y - +0 war axe
rCold   . . .        a - +0 kite shield
rNeg    + . .        c - +0 chain mail
rPois   inf          h - +0 helmet
rElec   +            (no cloak)
rCorr   .            (no gloves)
SInv    .            n - +0 pair of boots
Will    .....        (no amulet) Stlth
                     (no ring)
HPRegen 0.26/turn    (no ring)
MPRegen 0.10/turn

%: no passive effects
@: about to teleport
A: sickness immunity, AC +4, negative energy resistance 1, electricity
resistance, torment resistance 1, petrification resistance
a: no special abilities


You were on level 4 of the Dungeon.
You visited 1 branch of the dungeon, and saw 4 of its levels.

You collected 158 gold pieces.
You spent 117 gold pieces at shops.


Innate Abilities, Weirdness & Mutations

You are immune to sickness and miasma.
Your stone body is resilient. (AC +4)
You are immune to poison.
You resist negative energy. (rN+)
You are resistant to electric shocks. (rElec)
You are resistant to unholy torment.
You are immune to petrification.


   Skills:
 - Level 3.2 Fighting
 + Level 4.4 Axes
 - Level 3.2 Armour
 - Level 5.2 Shields


You had 5 spell levels left.
You didn't know any spells.
Your spell library was empty.

Inventory:

Hand Weapons
 b - a +0 flail
 Y - a +0 war axe (weapon)
Armour
 a - a +0 kite shield (worn)
 c - a +0 chain mail (worn)
 h - a +0 helmet (worn)
 n - a +0 pair of boots (worn)
Potions
 d - a potion of might
 e - a potion of cancellation {unknown}
 f - a potion of haste {unknown}
 g - a potion of attraction
 i - a potion of flight {unknown}
 k - 2 potions of curing

Dungeon Overview and Level Annotations

Branches:
Dungeon (4/15)
 Temple: D:4-7

Altars:

Shops:
D:3 ?*


Message History

You kill the goblin!
You closely miss the orc. The orc hits you but does no damage.
You block the orc priest's attack. The orc hits you with a +0 morningstar.
The orc priest hits you with a +2 falchion of holy wrath.
You barely miss the orc priest.
The orc priest is moderately wounded.
You barely miss the orc. You closely miss the adder.
You block the adder's attack. The orc hits you but does no damage.
The orc priest begins to cast a cantrip, but forgets the words!
You block the adder's attack.
You hit the orc priest but do no damage.
The orc priest is moderately wounded.
You miss the adder. You barely miss the orc.
The adder bites you but does no damage. You block the orc's attack.
The orc priest hits you but does no damage.
The adder bites you but does no damage. You block the orc's attack.
The orc priest invokes the aid of Beogh against you.
You barely resist. You hit the orc priest.
The orc priest is moderately wounded.
You hit the adder. You hit the orc. You block the adder's attack.
The orc hits you but does no damage.
The orc priest hits you but does no damage.
You slash the orc!
You kill the orc!
You closely miss the adder. You hit the orc priest.
The adder bites you but does no damage.
The orc priest mumbles some strange prayers to Beogh against you.
Beogh smites you! You block the adder's attack.
3565 ||| READING scroll of teleportation.
As you read the scroll of teleportation, it crumbles to dust.
You feel strangely unstable. The adder barely misses you.
The ogre barely misses you.
The orc priest hits you but does no damage.
You barely miss the orc priest.
The orc priest is heavily wounded.
You completely miss the adder. You hit the ogre. The adder bites you.
You die...

...# ##..## ...
##..## .. ##..##
##..## . ..
##...## .. ...
##.....# ...
#..####.....##....
#...o.....##.....
#..S@...##......
#..O............
#.............##
#.....##......#
#...########...#
#..# #..# #.. .##
#.. # #


You could see an ogre, an orc priest and an adder.

Vanquished Creatures
  3 orc priests
  An orc wizard (D:3)
  4 adders
  2 worms
  A dart slug (D:1)
  10 orcs
  10 bats
  3 endoplasms
  5 giant cockroaches
  10 goblins
  8 hobgoblins
  8 kobolds
  4 ball pythons (D:1)
  5 frilled lizards
  2 rats (D:3)
76 creatures vanquished.

Notes
Turn   | Place    | Note
-------+----------+-------------------------------------------
     0 | D:1      | qw the Gargoyle Fighter began the quest for the Orb.
     0 | D:1      | Reached XP level 1. HP: 14/14 MP: 1/1
     0 | D:1      | 0 ||| qw: Version: 0.2-a-108-gee2c290
     0 | D:1      | 0 ||| qw: Game counter: 1335
     0 | D:1      | 0 ||| qw: Always use a shield: true
     0 | D:1      | 0 ||| qw: God list: Okawaru
     0 | D:1      | 0 ||| qw: Allow faded altars: false
     0 | D:1      | 0 ||| qw: Do Orc after D:15 true
     0 | D:1      | 0 ||| qw: Do second Lair branch before Depths: true
     0 | D:1      | 0 ||| qw: Lair rune preference: random
     0 | D:1      | 0 ||| qw: Plans: Normal, Zot:1-4, Slime:5, God:TSO, Crypt,
                  | Tomb, Abyss, Pan, Hells, Win
     0 | D:1      | 0 ||| PLANNING D:1-11
     2 | D:1      | Noticed a demigod
     2 | D:1      | Noticed a spriggan
     4 | D:1      | Noticed a vine stalker
     4 | D:1      | Noticed a draconian
     6 | D:1      | Noticed a gargoyle
     6 | D:1      | Noticed a formicid
     8 | D:1      | Noticed a felid
    10 | D:1      | Noticed a naga
    10 | D:1      | Noticed an octopode
    12 | D:1      | Noticed a merfolk
    12 | D:1      | Noticed a demonspawn
    14 | D:1      | Noticed an elf
    14 | D:1      | Noticed a vampire
    16 | D:1      | Noticed a meteoran
    16 | D:1      | Noticed an ogre
    18 | D:1      | Noticed a ghoul
    18 | D:1      | Noticed a human
    20 | D:1      | Noticed a tengu
    22 | D:1      | Noticed an armataur
    24 | D:1      | Noticed a minotaur
    24 | D:1      | Noticed an octopode
    26 | D:1      | Noticed a human
   152 | D:1      | Reached XP level 2. HP: 18/19 MP: 2/2
   438 | D:1      | Reached skill level 3 in Axes
   452 | D:1      | Reached XP level 3. HP: 23/23 MP: 3/3
   663 | D:1      | 663 ||| READING 3 scrolls labelled CEG TAYHIHA.
   664 | D:1      | 664 ||| READING scroll labelled DIREUTIFO.
   665 | D:1      | 665 ||| READING 2 scrolls labelled LICZASCH VYDA.
   669 | D:1      | 669 ||| DRINKING 3 ruby potions.
   670 | D:1      | 670 ||| DROPPING 2 scrolls of blinking.
   671 | D:1      | 671 ||| DROPPING 2 potions of degeneration.
   732 | D:2      | HP: 2/23 [worm (9)]
   733 | D:2      | 733 ||| READING scroll of teleportation.
   830 | D:2      | Reached XP level 4. HP: 28/28 MP: 4/4
   883 | D:2      | 883 ||| Stepping ~*~*~tactically~*~*~ (stealth).
  1282 | D:2      | 1282 ||| DROPPING +0 club.
  1573 | D:2      | 1573 ||| UPGRADING to +0 kite shield.
  1583 | D:2      | 1583 ||| DROPPING +0 buckler.
  1584 | D:2      | 1584 ||| READING scroll labelled YWAOSKI IDEB.
  1585 | D:2      | 1585 ||| DRINKING 2 sapphire potions.
  1586 | D:2      | 1586 ||| DRINKING 4 sedimented purple potions.
  1599 | D:3      | Found Hipsaota's Assorted Antiques.
  1603 | D:3      | 1603 ||| BUYING chain mail (117 gold).
  1603 | D:3      | Bought a chain mail for 117 gold pieces
  1603 | D:3      | 1603 ||| SHOPLISTING metallic amethyst potion (23 gold,
                  | have 17).
  1603 | D:3      | 1603 ||| SHOPLISTING potion of curing (78 gold, have 17).
  1603 | D:3      | 1603 ||| SHOPLISTING scroll labelled GYILEU INESCHIAKU (26
                  | gold, have 17).
  1603 | D:3      | 1603 ||| SHOPLISTING scroll labelled KOYMON REMP (26 gold,
                  | have 17).
  1661 | D:3      | 1661 ||| Stepping ~*~*~tactically~*~*~ (stealth).
  1742 | D:3      | 1742 ||| UPGRADING to +0 chain mail.
  1744 | D:3      | 1744 ||| UPGRADING to +0 chain mail.
  1746 | D:3      | 1746 ||| UPGRADING to +0 chain mail.
  1751 | D:3      | 1751 ||| UPGRADING to +0 scale mail.
  1756 | D:3      | 1756 ||| UPGRADING to +0 chain mail.
  1761 | D:3      | 1761 ||| UPGRADING to +0 scale mail.
  1766 | D:3      | 1766 ||| UPGRADING to +0 chain mail.
  1771 | D:3      | 1771 ||| UPGRADING to +0 scale mail.
  1776 | D:3      | 1776 ||| UPGRADING to +0 chain mail.
  1781 | D:3      | 1781 ||| UPGRADING to +0 scale mail.
  1786 | D:3      | 1786 ||| UPGRADING to +0 chain mail.
  1788 | D:3      | 1788 ||| UPGRADING to +0 chain mail.
  1793 | D:3      | 1793 ||| UPGRADING to +0 scale mail.
  1798 | D:3      | 1798 ||| UPGRADING to +0 chain mail.
  1800 | D:3      | 1800 ||| UPGRADING to +0 chain mail.
  1810 | D:3      | 1810 ||| DROPPING +0 scale mail.
  1811 | D:3      | 1811 ||| UPGRADING to +0 helmet.
  1824 | D:3      | 1824 ||| Stepping ~*~*~tactically~*~*~ (hiding).
  1983 | D:3      | 1983 ||| DROPPING +0 whip.
  2006 | D:3      | Found Aptoenn's Magic Scroll Shoppe.
  2009 | D:3      | 2009 ||| SHOPLISTING scroll of identify (22 gold, have 17).
  2009 | D:3      | 2009 ||| SHOPLISTING scroll of teleportation (33 gold, have
                  | 17).
  2037 | D:3      | 2037 ||| FLEEEEING.
  2038 | D:3      | 2038 ||| FLEEEEING.
  2039 | D:3      | 2039 ||| FLEEEEING.
  2040 | D:3      | 2040 ||| FLEEEEING.
  2041 | D:3      | 2041 ||| FLEEEEING.
  2042 | D:3      | 2042 ||| FLEEEEING.
  2043 | D:3      | 2043 ||| FLEEEEING.
  2044 | D:3      | 2044 ||| FLEEEEING.
  2045 | D:3      | 2045 ||| FLEEEEING.
  2046 | D:3      | 2046 ||| FLEEEEING.
  2047 | D:3      | 2047 ||| FLEEEEING.
  2354 | D:3      | 2354 ||| UPGRADING to +0 pair of boots.
  2366 | D:3      | 2366 ||| DRINKING 3 potions of curing.
  2366 | D:3      | 2366 ||| (to cure confusion)
  2385 | D:3      | Reached skill level 4 in Shields
  2385 | D:3      | Reached XP level 5. HP: 27/32 MP: 5/5
  2497 | D:3      | 2497 ||| Stepping ~*~*~tactically~*~*~ (stealth).
  2700 | D:3      | 2700 ||| Stepping ~*~*~tactically~*~*~ (hiding).
  3279 | D:3      | 3279 ||| READING scroll labelled UDWUC AKKUE.
  3280 | D:3      | 3280 ||| READING 3 scrolls labelled MISUOM LOUDUE.
  3281 | D:3      | 3281 ||| READING scroll labelled GESIBO GESTOOXT.
  3282 | D:3      | 3282 ||| DROPPING 2 scrolls of vulnerability.
  3302 | D:4      | Reached skill level 5 in Shields
  3312 | D:4      | Reached XP level 6. HP: 20/37 MP: 6/6
  3564 | D:4      | HP: 2/37 [orc priest/divine providence (12)]
  3565 | D:4      | 3565 ||| READING scroll of teleportation.
  3566 | D:4      | Slain by an adder

Levels and vault maps discovered:
D:1:      kb_arrival_jail, layout_basic, minmay_fountain_box
D:2:      layout_basic, chequers_serial_rivers_large_a, minivault_23,
          minmay_pentomino_q4
D:3:      layout_basic, serial_rivers, chequers_serial_rivers_small_a,
          chequers_serial_rivers_small_a, chequers_serial_rivers_micro_e,
          chequers_serial_rivers_large_b, chequers_serial_rivers_small_a,
          chequers_serial_rivers_small_3, serial_shops,
          nicolae_shop_hallway_stairs, nicolae_shop_behind_doors,
          dk_noncrumbling_3
D:4:      layout_layer_cave, serial_bayou, serial_bayou_pond_e,
          serial_bayou_lake_a, serial_bayou_lagoon_a, serial_bayou_pond_e,
          serial_bayou_pond_a, kennysheep_another_room, glass_columns_c

Skill      XL: |  1  2  3  4  5 |
---------------+----------------+-----
Axes           | 2 3 4 |  4.4
Shields        | 4 5 |  5.2
Fighting       | |  3.2
Armour         | |  3.2

Action                     |  1- 3 |  4- 6 || total
---------------------------+-------+-------++-------
  Melee: War axe           |    98 |   197 ||   295
    Use: Scroll            |     4 |     5 ||     9
         Potion            |     1 |     3 ||     4
 Armour: Scale mail        |    54 |    38 ||    92
         Chain mail        |       |    82 ||    82
         Skin              |       |     4 ||     4
  Dodge: Dodged            |    50 |    63 ||   113
  Block: Buckler           |    19 |     5 ||    24
         Kite shield       |       |    69 ||    69

Table legend:
 A = Non-vault XP
 B = Vault XP
 C = Vault XP percentage of total XP
 D = Non-vault monster count
 E = Vault monster count
 F = Vault count percentage of total count
                 A         B        C        D         E       F
            +---------+---------+-------+---------+---------+-------
      Total |     340 |       8 |   2.3 |      73 |       3 |   3.9
            +---------+---------+-------+---------+---------+-------
        D:1 |      41 |       0 |   0.0 |      23 |       0 |   0.0
        D:2 |      60 |       8 |  11.8 |      14 |       3 |  17.6
        D:3 |     140 |       0 |   0.0 |      26 |       0 |   0.0
        D:4 |      99 |       0 |   0.0 |      10 |       0 |   0.0
            +---------+---------+-------+---------+---------+-------
